 Dungeon Crawl Stone Soup version 0.16.2-3-ga078185 (webtiles) character file.

127 gorblad the Ducker (level 4, -3/34 HPs)
             Began as a Demonspawn Gladiator on Sept 6, 2015.
             Was a Follower of Dithmenos.
             Slain by Duvessa
             ... wielding a +2 short sword of venom
              (8 damage)
             ... on level 4 of the Dungeon.
             The game lasted 00:09:36 (1880 turns).

gorblad the Ducker (Demonspawn Gladiator)           Turns: 1880, Time: 00:09:36

Health: -3/34      AC:  6    Str: 16    XL:     4   Next: 85%
Magic:  4/4        EV: 12    Int:  9    God:    Dithmenos [*.....]
Gold:   68         SH:  0    Dex: 14    Spells: 0 memorised, 3 levels left

rFire  . . .     SeeInvis .     a - +0 trident
rCold  . . .     Clarity  .     g - +0 ring mail
rNeg   + . .     SustAb   .     (no shield)
rPois  .         Gourm    .     c - +0 helmet
rElec  .         Spirit   .     (no cloak)
rCorr  .         Warding  .     (no gloves)
rMut   .         Stasis   .     (no boots)
MR     .....                    (no amulet)
Stlth  +.........               (no ring)
                                s - ring of positive energy

@: lethally poisoned (-3 -> -50), about to teleport, wreathed by umbra, not
resistant to hostile enchantments, very unstealthy
A: talons 1
a: Renounce Religion


You were on level 4 of the Dungeon.
You worshipped Dithmenos.
Dithmenos was aware of your devotion.
You were not hungry.

You visited 1 branch of the dungeon, and saw 4 of its levels.

You collected 68 gold pieces.

Inventory:

Hand weapons
 a - a +0 trident (weapon)
 t - a +2 falchion of slicing
Missiles
 d - 3 throwing nets (quivered)
Armour
 b - a +0 leather armour
 c - a +0 helmet (worn)
 g - a +0 ring mail (worn)
Jewellery
 s - a ring of positive energy (left hand)
Scrolls
 h - 2 scrolls of identify
 i - 2 scrolls of remove curse {unknown}
 l - a scroll of teleportation
 m - a scroll of enchant weapon {unknown}
Potions
 e - a potion of might {unknown}
 j - a potion of poison {unknown}
 k - a potion of invisibility {unknown}
 o - 2 potions of curing {unknown}
 p - 3 potions of heal wounds {unknown}
Comestibles
 f - 3 bread rations
 n - 2 meat rations
 r - 4 fruits


   Skills:
 + Level 2.3 Fighting
 + Level 3.4 Polearms
 + Level 1.9 Throwing
 + Level 1.4 Armour
 + Level 3.9 Dodging


You had 3 spell levels left.
You didn't know any spells.

Dungeon Overview and Level Annotations

Branches:
Dungeon (4/15)
 Temple: D:4-7

Altars:
Cheibriados
Dithmenos
Ru

Annotations:
D:4 Dowan, Duvessa


Innate Abilities, Weirdness & Mutations

You have sharp toenails.


Message History

You are more poisoned.
You closely miss Duvessa. You claw Duvessa, but do no damage.
Duvessa is lightly wounded.
You feel sick.
Duvessa hits you with a short sword of venom.
You are lethally poisoned!
You hit Duvessa but do no damage.
Duvessa is lightly wounded.
You feel very sick.
Duvessa hits you with a short sword of venom.
You are more poisoned.
Duvessa hits you with a short sword of venom!
* * * LOW HITPOINT WARNING * * *
You are more poisoned.
As you read the scroll labeled RIECEL BIOPPENG, it crumbles to dust.
You feel strangely unstable.
It was a scroll of teleportation.
* * * LOW HITPOINT WARNING * * *
You feel very sick.
Duvessa hits you with a short sword of venom!
You die...

...'###+###...≈#'#≈.#
...## ###.≈#_#≈.#####
....##.####.$.≈#'#≈......
..............≈≈.≈≈.......
..#.#######.####..#......
#)#.# ##.# .... †...# .
#.# ... #.#.# ##...####.#
. #.#... #....e.e@.# #+#
#.# #.#.####### ... ..


You could see Duvessa and Dowan.

Vanquished Creatures
  Ijyb (D:3)
  2 adders
  2 worms
  2 giant geckos (D:1)
  8 orcs
  9 bats
  2 giant cockroaches (D:1)
  4 goblins
  9 hobgoblins
  8 jackals
  An ooze (D:1)
  A quokka (D:2)
  3 ball pythons
  3 giant newts
  5 kobolds
  6 rats
66 creatures vanquished.

Notes
Turn   | Place    | Note
--------------------------------------------------------------
     0 | D:1      | gorblad, the Demonspawn Gladiator, began the quest for the Orb.
     0 | D:1      | Reached XP level 1. HP: 16/16 MP: 1/1
   281 | D:1      | Gained mutation: You have sharp toenails. [demonic ancestry]
   281 | D:1      | Reached XP level 2. HP: 22/22 MP: 2/2
   302 | D:1      | Reached skill level 3 in Dodging
   738 | D:2      | Reached XP level 3. HP: 22/27 MP: 3/3
   933 | D:2      | Reached skill level 1 in Armour
  1171 | D:2      | Found a shadowy altar of Dithmenos.
  1182 | D:2      | Became a worshipper of Dithmenos the Shadowed
  1487 | D:3      | Reached XP level 4. HP: 25/33 MP: 4/4
  1575 | D:3      | Noticed Ijyb
  1592 | D:3      | Killed Ijyb
  1815 | D:4      | Found a sacrificial altar of Ru.
  1864 | D:4      | Found a snail-covered altar of Cheibriados.
  1874 | D:4      | Noticed Duvessa
  1875 | D:4      | Noticed Dowan
  1880 | D:4      | Slain by Duvessa

Action                   |  1- 3 |  4- 6 || total
-------------------------+-------+-------++-------
Melee: Trident           |   161 |   105 ||   266
  Use: Scroll            |       |     2 ||     2
  Eat: Royal jelly       |     1 |       ||     1
       Pizza             |       |     1 ||     1
